 Dungeon Crawl Stone Soup version 0.19-a0-526-gbe2e51c (webtiles) character file.

1201 Geppetto the Covered (level 8, -4/63 HPs)
             Began as a Human Wanderer on June 7, 2016.
             Was a Follower of Cheibriados.
             Slain by Prince Ribbit (10 damage)
             ... on level 6 of the Dungeon.
             The game lasted 00:15:54 (7806 turns).

Geppetto the Covered (Human Wanderer)               Turns: 7806, Time: 00:15:55

Health: -4/63      AC: 19    Str: 12 (15) XL:     8   Next: 72%
Magic:  8/8        EV:  4    Int: 15 (17) God:    Cheibriados [*.....]
Gold:   258        SH:  5    Dex: 13 (14) Spells: 0 memorised, 7 levels left

rFire  . . .     SeeInvis .     c - +0 falchion
rCold  . . .     Gourm    +     k - +2 plate armour
rNeg   . . .     Faith    .     l - +0 buckler (curse)
rPois  .         Spirit   .     n - +2 helmet (curse)
rElec  .         Dismiss  .     m - +0 cloak
rCorr  .         Reflect  .     (no gloves)
SustAt .         Harm     .     (no boots)
MR     .....                    o - amulet of the gourmand
Stlth  ..........               (no ring)
                                (no ring)

@: very slow, not resistant to hostile enchantments, extremely unstealthy
A: no striking features
a: Bend Time, Renounce Religion


You were on level 6 of the Dungeon.
You worshipped Cheibriados.
Cheibriados was aware of your devotion.
You were very full.

You visited 1 branch of the dungeon, and saw 6 of its levels.

You collected 258 gold pieces.

Inventory:

Hand Weapons
 a - a +2 dagger
 c - a +0 falchion (weapon)
Armour
 e - a +0 robe
 k - a +2 plate armour (worn)
 l - a cursed +0 buckler (worn)
 m - a +0 cloak (worn)
 n - a cursed +2 helmet (worn)
Jewellery
 o - an amulet of the gourmand (around neck)
Wands
 p - a wand of flame (32/48)
Scrolls
 b - 2 scrolls of fear
 d - 3 scrolls of teleportation
 g - 2 scrolls of identify
 i - a scroll of remove curse
Potions
 h - a potion of degeneration
 t - a potion of cancellation
Comestibles
 f - 6 bread rations
 j - 2 meat rations
 q - 6 fruits


   Skills:
 - Level 5.4 Fighting
 - Level 2.0 Long Blades
   Level 1.0 Bows
 - Level 1.0 Throwing
 + Level 6.0 Armour
 * Level 3.9 Dodging
 - Level 2.0 Stealth
 - Level 4.4 Shields


You had 7 spell levels left.
You didn't know any spells.

Dungeon Overview and Level Annotations

Branches:
Dungeon (6/15)             Temple (0/1) D:4

Altars:
Cheibriados
Hepliaklqana
Okawaru
Pakellas
Ru
Uskayaw

Shops:
D:5 }

Annotations:
D:6 Prince Ribbit


Message History

The jackal skeleton bites you but does no damage.
You see here a wooden wand.
You aren't carrying any items that you can evoke.
Unknown command.
p - a wand of flame The jackal skeleton barely misses you.
Your plate armour prevents you from hitting the jackal skeleton.
The jackal skeleton bites you but does no damage. x2
You slash the jackal skeleton!
You destroy the jackal skeleton!
Cheibriados thoroughly appreciates the change of pace.
The shadow imp gestures at you.
You struggle to resist.
The shadow imp shouts, "Give in, thou grime-gilt flat-headed measle!"
The shadow imp hits you.
* * * LOW HITPOINT WARNING * * *
Prince Ribbit blinks!
The shadow imp hits you but does no damage.
Prince Ribbit hits you!
You die...

########### ####
#......$..# #... ###
#.........# #...
...###....5....#
#...
.........F.....#
#...
.........@.....#
#...
......#'########
#... ......#.# #...
........##
###########...
#+###....#
#.........#...
#.##.#
#....(...#.... ...
#.# #.(.<(..#.#.##
#### #)#
#..(...#...#.# >
##'####.(...#.....#F


You could see Prince Ribbit and a shadow imp.

Vanquished Creatures
  The ghost of MrXenoo the Skirmisher, an amateur DsBe of Trog (D:4)
  2 centaurs (D:5)
  An ogre (D:5)
  A giant frog (D:5)
  3 scorpions
  The ghost of DungeonMaster the Magician, a weakling DsWz of Vehumet (D:3)
  A crimson imp (D:5)
  A giant frog zombie (D:5)
  A jelly (D:3)
  An orc wizard (D:5)
  3 hounds
  Terence (D:3)
  An iguana (D:5)
  2 worker ants
  11 adders
  2 oozes
  3 worms
  2 giant geckos (D:2)
  4 orcs
  3 giant cockroaches (D:5)
  5 goblins
  8 hobgoblins
  12 jackals
  2 quokkas (D:3)
  A ball python (D:1)
  10 bats
  10 giant newts
  A jackal skeleton (D:6)
  8 kobolds
  A quokka skeleton (D:5)
  5 rats
108 creatures vanquished.

Notes
Turn   | Place    | Note
--------------------------------------------------------------
     0 | D:1      | Geppetto the Human Wanderer began the quest for the Orb.
     0 | D:1      | Geppetto set off with: a +2 dagger, a scroll of fear, a +0 falchion, a scroll of teleportation, a +0 robe, a bread ration
     0 | D:1      | Reached XP level 1. HP: 18/18 MP: 1/1
   406 | D:1      | Reached XP level 2. HP: 20/24 MP: 2/2
   869 | D:1      | Reached XP level 3. HP: 30/30 MP: 3/3
  1361 | D:2      | Reached skill level 2 in Armour
  1362 | D:2      | Reached XP level 4. HP: 21/37 MP: 4/4
  1543 | D:2      | Found an iron altar of Okawaru.
  2441 | D:3      | Reached XP level 5. HP: 41/43 MP: 5/5
  2469 | D:3      | Noticed DungeonMaster's ghost (weakling DsWz)
  3157 | D:3      | Killed DungeonMaster's ghost
  3157 | D:3      | Reached skill level 5 in Fighting
  3157 | D:3      | Reached skill level 3 in Armour
  3178 | D:3      | Found a hazy altar of Hepliaklqana.
  3264 | D:3      | Found a hide-covered altar of Uskayaw.
  3350 | D:3      | Noticed a dagger
  3350 | D:3      | Noticed a dagger
  3421 | D:3      | Reached XP level 6. HP: 31/51 MP: 6/6
  3772 | D:3      | Noticed Terence
  3792 | D:3      | Killed Terence
  3819 | D:3      | Reached skill level 4 in Armour
  3972 | D:4      | HP: 2/51 [scorpion (3)]
  4383 | D:3      | Reached skill level 1 in Shields
  4696 | D:4      | Found a snail-covered altar of Cheibriados.
  4720 | D:4      | Noticed MrXenoo's ghost (amateur DsBe)
  4736 | D:4      | Became a worshipper of Cheibriados the Contemplative
  4762 | D:4      | Reached XP level 7. HP: 42/56 MP: 7/7
  4819 | D:4      | HP: 2/56 [MrXenoo's ghost (4)]
  4821 | D:4      | Was placed under penance by Cheibriados
  4826 | D:4      | Killed MrXenoo's ghost
  5132 | D:4      | Found a staircase to the Ecumenical Temple.
  5176 | D:4      | Reached skill level 5 in Armour
  5251 | D:5      | Entered Level 5 of the Dungeon
  5293 | D:5      | Was forgiven by Cheibriados
  5552 | D:5      | Reached XP level 8. HP: 4/63 MP: 8/8
  6054 | D:5      | Reached skill level 1 in Dodging
  6857 | D:5      | Found an oddly glowing altar of Pakellas.
  6857 | D:5      | Found Pakellas's Prime Provisions.
  7001 | D:6      | Found a sacrificial altar of Ru.
  7006 | D:6      | Noticed Prince Ribbit
  7035 | D:5      | Reached * piety under Cheibriados
  7250 | D:5      | Reached skill level 6 in Armour
  7778 | D:6      | HP: 2/63 [Prince Ribbit (8)]
  7806 | D:6      | Slain by Prince Ribbit

Vault maps used:
D:1:      lightli_arrival_maybe_door_vault
D:2:      wad_pebble_path, okawaru_metal_pillars_1_2
D:3:      lemuel_doored_altar, dancing_weapons_uskayaw, first_bread,
          columned_hall_lemuel, kennysheep_nub, uniq_terence
D:4:      kennysheep_mini_moat, minmay_temple_entry_hall
D:5:      johnstein_pakellas_shop, portal_sewer_entry_a, grunt_ministairs_13
D:6:      nicolae_ru_awakened_eye, uniq_prince_ribbit1

Skill      XL: |  1  2  3  4  5  6  7  8 |
---------------+-------------------------+-----
Fighting       | 4 5 |  5.4
Armour         | 2 3 4 5 6 |  6.0
Shields        | 1 4 |  4.4
Dodging        | 3 |  3.9
Long Blades    | |  2.0
Bows           | |  1.0
Throwing       | |  1.0
Stealth        | |  2.0

Action                   |  1- 3 |  4- 6 |  7- 9 || total
-------------------------+-------+-------+-------++-------
Melee: Falchion          |   144 |   374 |   346 ||   864
  Use: Scroll            |     3 |     6 |     2 ||    11
       Potion            |       |     4 |     5 ||     9
  Eat: Chunk             |     1 |    23 |    12 ||    36
Armor: Robe              |    14 |       |       ||    14
       Plate armour      |   139 |   388 |   305 ||   832
Dodge: Dodged            |    36 |    64 |    95 ||   195
Block: Buckler           |       |     5 |    81 ||    86
